 Dungeon Crawl Stone Soup version 0.22-a0-433-gd2a9cce (webtiles) character file.

585 MisterFreud the Spear-Bearer (level 7, -1/50 HPs)
             Began as a Merfolk Gladiator on May 28, 2018.
             Was an Initiate of the Shining One.
             Slain by a wight
             ... wielding a +4 halberd
              (13 damage)
             ... on level 4 of the Dungeon.
             The game lasted 00:10:49 (3728 turns).

MisterFreud the Spear-Bearer (Merfolk Gladiator)    Turns: 3728, Time: 00:10:50

Health: -1/50      AC: 10    Str: 14    XL:     7   Next: 37%
Magic:  7/7        EV: 14    Int:  7    God:    the Shining One [......]
Gold:   136        SH:  0    Dex: 18    Spells: 6/6 levels left

rFire    + . .     SeeInvis .   a - +0 trident
rCold    + . .     Gourm    .   (no shield)
rNeg     . . .     Faith    .   n - +2 ring mail {rF+}
rPois    .         Spirit   .   c - +0 helmet
rElec    .         Reflect  .   (no cloak)
rCorr    .         Harm     .   o - +0 pair of gloves
MR       .....                  q - +0 pair of boots
Stlth    +.........             (no amulet)
HPRegen  0.16/turn              l - ring of protection from cold
MPRegen  0.10/turn              (no ring)

@: glowing, drained
A: change form in water, swift swim, stealthy swim
a: Renounce Religion


You were on level 4 of the Dungeon.
You worshipped the Shining One.
The Shining One was noncommittal.
You were not hungry.

You visited 1 branch of the dungeon, and saw 4 of its levels.
You also visited: Sewer.

You collected 136 gold pieces.

Inventory:

Hand Weapons
 a - a +0 trident (weapon)
Missiles
 d - 4 throwing nets
 e - 161 stones (quivered)
 g - 16 poisoned needles
 p - 45 sling bullets
 t - 15 bolts
 u - 2 javelins
Armour
 b - a +0 leather armour
 c - a +0 helmet (worn)
 n - a +2 ring mail of fire resistance (worn)
 o - a +0 pair of gloves (worn)
 q - a +0 pair of boots (worn)
Jewellery
 l - a ring of protection from cold (left hand)
Scrolls
 w - a scroll of remove curse {unknown}
Potions
 h - 2 potions of heal wounds {unknown}
 i - 5 potions of flight
 k - 2 potions of curing
 m - a potion of might {unknown}
 r - a potion of haste
 s - a potion of agility {unknown}
 v - a potion of lignification {unknown}
Comestibles
 f - 6 rations


   Skills:
 - Level 2.1(1.3) Fighting
 - Level 10.2(9.1) Polearms
 - Level 2.0(1.1) Throwing
 + Level 6.7(5.7) Dodging


You had 6 spell levels left.
You didn't know any spells.
Your spell library was empty.

Dungeon Overview and Level Annotations

Branches:
Dungeon (4/15)
 Temple: D:4-7

Altars:
Gozag
Xom
The Shining One

Annotations:
D:4 Dowan, Duvessa


Message History

Duvessa barely misses you. Duvessa barely misses you.
Dowan casts a spell.
Dowan blinks!
Duvessa says, "My weaknesses are his strengths!"
The wight barely misses you. The wight barely misses you.
There is an open door, spattered with blood here.
There is an open door here.
The wight hits you from afar with an enchanted halberd!
You feel drained. The wight closely misses you.
The wight hits you from afar with an enchanted halberd.
You feel drained. The wight closely misses you.
The wight hits you from afar with an enchanted halberd!
* * * LOW HITPOINT WARNING * * *
You feel drained.
* * * LOW HITPOINT WARNING * * *
The wight hits you from afar with an enchanted halberd!
You die...

#..###.##....#*#.?.
#....e..#....#,#8.8
#....#..#....#.##'#
#....#..'....+.....
#.e######e...#...#.
#.z###.#.....#+###.
#...z..#...e.......
#.z....#...........
#.@....#...........
#.<....#...........
#..#####.z.........
####,,..###########
*,,+,,..* *,,*,,,,*
****,,,,* ******


You could see Duvessa and 3 wights.

Vanquished Creatures
  The ghost of TheNamelessOne the Insei, an amateur OpTm of Ashenzari (D:4)
  A big kobold (Sewer)
  The ghost of nikopol the Magician, an amateur DEFE (D:3)
  A hound (D:4)
  An orc priest (D:4)
  2 orc wizards (D:4)
  Natasha (twice) (D:3)
  5 adders
  A river rat (Sewer)
  A worm (D:2)
  4 dart slugs
  5 leopard geckos
  8 orcs
  4 giant cockroaches
  12 goblins
  7 hobgoblins
  4 jackals
  2 quokkas
  3 ball pythons (D:1)
  7 bats
  4 frilled lizards
  12 kobolds
  A quokka skeleton (D:4)
  13 rats
102 creatures vanquished.

Notes
Turn   | Place    | Note
-------+----------+-------------------------------------------
     0 | D:1      | MisterFreud the Merfolk Gladiator began the quest for the Orb.
     0 | D:1      | Reached XP level 1. HP: 16/16 MP: 1/1
    75 | D:1      | Reached skill level 5 in Polearms
    80 | D:1      | Reached XP level 2. HP: 13/22 MP: 2/2
   471 | D:1      | Reached skill level 6 in Polearms
   471 | D:1      | Reached XP level 3. HP: 27/27 MP: 3/3
  1212 | D:2      | Reached skill level 7 in Polearms
  1212 | D:2      | Reached XP level 4. HP: 32/33 MP: 4/4
  1455 | D:2      | Found an opulent altar of Gozag.
  2347 | D:3      | Noticed nikopol's ghost (amateur DEFE)
  2361 | D:3      | Killed nikopol's ghost
  2361 | D:3      | Reached skill level 8 in Polearms
  2361 | D:3      | Reached XP level 5. HP: 22/38 MP: 5/5
  2491 | D:3      | Noticed Natasha
  2495 | D:3      | Killed Natasha
  2495 | D:3      | Reached skill level 9 in Polearms
  2618 | D:3      | Noticed Natasha
  2625 | D:3      | Killed Natasha
  2625 | D:3      | Reached XP level 6. HP: 42/44 MP: 6/6
  2765 | D:4      | Noticed TheNamelessOne's ghost (amateur OpTm)
  2779 | D:4      | Killed TheNamelessOne's ghost
  2779 | D:4      | Reached skill level 10 in Polearms
  3129 | D:4      | Found a glowing drain.
  3139 | D:4      | Reached skill level 5 in Dodging
  3148 | D:4      | Reached XP level 7. HP: 28/50 MP: 7/7
  3160 | Sewer    | Entered a sewer
  3568 | Sewer    | Found a white marble altar of Elyvilon.
  3577 | Sewer    | Became a worshipper of Elyvilon the Healer
  3668 | D:4      | Found a glowing golden altar of the Shining One.
  3675 | D:4      | Fell from the grace of Elyvilon
  3675 | D:4      | Became a worshipper of the Shining One
  3693 | D:4      | Found a shimmering altar of Xom.
  3694 | D:4      | Noticed Duvessa
  3705 | D:4      | Noticed Dowan
  3728 | D:4      | Slain by a wight

Vault maps used:
D:1:      grunt_arrival_lava_bath, minmay_nonomino_d4
D:2:      serial_corexii_hall, corexii_hall_statues_i, corexii_hall_statues_x,
          corexii_hall_statues_x, corexii_hall_statues_u,
          nicolae_gozag_seed_capital
D:3:      uniq_natasha
D:4:      tso_altar, first_ration, serial_shops, nicolae_shop_statue_plus,
          gup_sewer_entry_glass, doesnt_xom_only_xom, uniq_duvessa
Sewer:    sewer_kobolds

Skill      XL: |  1  2  3  4  5  6  7 |
---------------+----------------------+-----
Polearms       | 5 6 7 8 9 10 | 10.2
Dodging        | 5 6 |  6.7
Fighting       | |  2.1
Throwing       | |  2.0

Action                   |  1- 3 |  4- 6 |  7- 9 || total
-------------------------+-------+-------+-------++-------
Melee: Trident           |   147 |   168 |    66 ||   381
Throw: Stone             |     1 |       |       ||     1
  Use: Scroll            |       |     4 |       ||     4
       Potion            |       |     1 |       ||     1
  Eat: Chunk             |     1 |     6 |     2 ||     9
Armor: Leather armour    |    28 |       |       ||    28
       Ring mail         |     5 |    54 |    27 ||    86
Dodge: Dodged            |    93 |   102 |    44 ||   239

Table legend:
 A = Spawn XP
 B = Non-spawn XP
 C = Spawn XP percentage of total XP
 D = Spawn monster count
 E = Non-spawn monster count
 F = Spawn count percentage of total count
 G = Total turns spent on level
                    A         B        C        D         E        F      G
               +---------+---------+-------+---------+---------+-------+---------
         Total |       0 |     836 |   0.0 |       0 |     102 |   0.0 |  3728
               +---------+---------+-------+---------+---------+-------+---------
           D:1 |       0 |      69 |   0.0 |       0 |      38 |   0.0 |  1196
           D:2 |       0 |      50 |   0.0 |       0 |      20 |   0.0 |   802
           D:3 |       0 |     203 |   0.0 |       0 |      15 |   0.0 |   962
           D:4 |       0 |     395 |   0.0 |       0 |      19 |   0.0 |   322
         Sewer |       0 |     119 |   0.0 |       0 |      10 |   0.0 |   446
               +---------+---------+-------+---------+---------+-------+---------
